AoeStats
← SillyOleMe

Arabia

508160532Analyzed
2v2 RM · 11d ago on Sep 21, 2026· 53m 54s· 4 players
Game mode
Random Map
Map size
Medium (4 player)
Population
200
Speed
Normal
Resources
Standard
Victory
Conquest
Starting age
Dark Age
Ending age
Imperial Age
RankedLock teamsTeams togetherTeam positionsShared explorationLock speedFull tech treeHidden civsTurbo modeCheats
Victory
Defeat
🇺🇸 Mongols · United States
1012
+13
🇺🇸 Britons · United States
965
+14
🇧🇷 Magyars · Brazil
951
-14
🇱🇰 Britons · Sri Lanka
917
-13
BiG
0:42 Loom
11:15 Feudal Age
11:46 Double-Bit Axe
20:53 Castle Age
19:10 Fletching
19:46 Gold Mining
23:16 Wheelbarrow
24:23 Padded Archer Armor
29:57 Bodkin Arrow
30:14 Thumb Ring
31:43 Leather Archer Armor
37:47 Bloodlines
37:38 Husbandry
40:06 Scale Barding Armor
44:38 Imperial Age
43:12 Light Cavalry
44:19 Chain Barding Armor
44:43 Horse Collar
46:02 Parthian Tactics
46:37 Bow Saw
46:41 Bracer
49:33 Parthian Tactics
49:32 Recurve Bow
49:10 Heavy Cavalry Archer
Shadowsong
2:23 Loom
10:00 Feudal Age
11:25 Double-Bit Axe
18:38 Castle Age
18:35 Stone Mining
20:28 Gold Mining
23:32 Wheelbarrow
22:44 Town Watch
26:39 Ballistics
26:42 Fletching
29:33 Squires
28:56 Pikeman
31:14 Padded Archer Armor
33:39 Yeomen
35:02 Bow Saw
34:52 Bodkin Arrow
41:02 Imperial Age
38:36 Horse Collar
41:06 Halberdier
43:05 Chemistry
42:30 Conscription
44:18 Elite Longbowman
49:34 Hand Cart
49:44 Forging
49:35 Scale Mail Armor
52:04 Iron Casting
SillyOleMe
10:30 Feudal Age
8:46 Loom
11:21 Double-Bit Axe
15:46 Wheelbarrow
17:41 Castle Age
19:48 Bow Saw
19:26 Horse Collar
23:51 Gold Mining
23:52 Stone Mining
24:03 Fletching
24:13 Padded Archer Armor
25:57 Hand Cart
28:10 Heavy Plow
28:32 Bloodlines
27:54 Light Cavalry
33:15 Ballistics
34:02 Husbandry
34:39 Scale Barding Armor
34:45 Forging
34:31 Bodkin Arrow
34:51 Leather Archer Armor
40:28 Imperial Age
38:35 Leather Archer Armor
38:40 Chain Barding Armor
38:55 Iron Casting
38:31 Thumb Ring
41:09 Elite Mangudai
41:50 Nomads
42:10 Drill
42:20 Parthian Tactics
43:28 Capped Ram
44:29 Hussar
44:55 Siege Ram
ulmerb
5:16 Loom
10:10 Feudal Age
11:07 Double-Bit Axe
14:20 Fletching
22:26 Castle Age
20:36 Horse Collar
21:24 Stone Mining
21:33 Gold Mining
23:37 Bow Saw
24:03 Pikeman
28:05 Bodkin Arrow
37:12 Heavy Plow
44:22 Imperial Age
42:14 Padded Archer Armor
43:08 Gold Shaft Mining
45:09 Bracer
45:25 Leather Archer Armor
46:18 Two-Man Saw
46:35 Chemistry
47:27 Wheelbarrow
48:33 Hand Cart
50:13 Warwolf
50:58 Ring Archer Armor
51:01 Yeomen
51:58 Elite Longbowman
Connection lost

Rejoining the realm…

Still unreachable

The connection could not be restored.

Session expired

The server has moved on; the page needs a fresh start.